 Dungeon Crawl Stone Soup version 0.24-a0-537-g2d01d4ab0a (webtiles) character file.

Game seed: 14508427557163284686

5882 Majang the Cleaver (level 11, -1/86 HPs)
             Began as a Formicid Fighter on Aug 12, 2019.
             Was a Follower of Makhleb.
             Slain by an orc warrior
             ... wielding a +0 morningstar
              (4 damage)
             ... on level 9 of the Dungeon.
             The game lasted 00:33:24 (9143 turns).

Majang the Cleaver (Formicid Fighter)               Turns: 9143, Time: 00:33:24

Health: -1/86      AC: 15    Str: 25    XL:     11   Next: 8%
Magic:  14/14      EV:  9    Int:  7    God:    Makhleb [*.....]
Gold:   161        SH: 11    Dex: 10    Spells: 10/10 levels left

rFire    + . .     SeeInvis +   a - +1 battleaxe (chop)
rCold    . . .     Gourm    .   c - +0 shield
rNeg     . . .     Faith    .   i - +0 plate armour
rPois    .         Spirit   .   (helmet unavailable)
rElec    .         Reflect  .   G - scarf {repulsion}
rCorr    .         Harm     .   l - +0 pair of gloves
MR       +....                  w - +0 pair of boots
Stlth    ..........             o - amulet of the acrobat
HPRegen  0.24/turn              p - ring of protection from fire
MPRegen  0.14/turn              g - +1 ring of evasion

@: repel missiles
A: permanent stasis, dig shafts and tunnels, four strong arms, antennae 3
a: Dig, Shaft Self, Renounce Religion


You were on level 9 of the Dungeon.
You worshipped Makhleb.
Makhleb was aware of your devotion.
You were hungry.

You visited 2 branches of the dungeon, and saw 10 of its levels.

You collected 401 gold pieces.
You spent 240 gold pieces at shops.

Inventory:

Hand Weapons
 a - a +1 battleaxe of chopping (weapon)
 u - a +1 war axe
 x - a +0 morningstar
 P - a +1 broad axe
 R - a +3 flail
Missiles
 h - 387 stones (quivered)
 s - 18 poisoned darts
 A - 2 throwing nets
 F - 7 boomerangs
 J - 7 datura-tipped darts
 Q - 9 atropa-tipped darts
Armour
 c - a +0 shield (worn)
 i - a +0 plate armour (worn)
 l - a +0 pair of gloves (worn)
 n - a +2 cloak
 w - a +0 pair of boots (worn)
 E - a scarf of resistance
 G - a scarf of repulsion (worn)
Jewellery
 g - a +1 ring of evasion (right hand)
 o - an amulet of the acrobat (around neck)
 p - a ring of protection from fire (left hand)
 t - an uncursed ring of wizardry
 L - a +3 ring of evasion
Wands
 z - a wand of scattershot (4)
 H - a wand of iceblast (4)
 U - a wand of clouds (4)
Scrolls
 b - 5 scrolls of magic mapping
 d - 3 scrolls of remove curse
 j - 7 scrolls of identify
 y - a scroll of fog {unknown}
 M - 2 scrolls of random uselessness {unknown}
 N - 2 scrolls of enchant armour {unknown}
 O - 2 scrolls of noise {unknown}
 S - a scroll of amnesia
Potions
 e - 2 potions of magic
 k - 9 potions of curing
 m - a potion of mutation {unknown}
 q - a potion of degeneration {unknown}
 r - 2 potions of agility {unknown}
 v - 3 potions of berserk rage {unknown}
 B - 3 potions of brilliance {unknown}
 C - a potion of flight {unknown}
 K - a potion of lignification {unknown}
 T - a potion of haste {unknown}
Comestibles
 f - 18 rations


   Skills:
 + Level 8.2 Fighting
 * Level 9.8 Axes
 + Level 7.2 Armour
 + Level 4.9 Dodging
 + Level 7.8 Shields
 + Level 4.5 Invocations


You had 10 spell levels left.
You didn't know any spells.
Your spell library contained the following spells:

 Spells                   Type           Power        Failure   Level  Hunger
 Confusing Touch          Hex            #.....       100%        1    ##.....
 Summon Small Mammal      Summ           #...         100%        1    ##.....
 Call Imp                 Summ           #.......     100%        2    ###....
 Call Canine Familiar     Summ           #.......     100%        3    ####...
 Confuse                  Hex            #.......     100%        3    ####...
 Gell's Gravitas          Tloc           #.........   100%        3    ####...
 Summon Guardian Golem    Hex/Summ       #.......     100%        3    ####...
 Petrify                  Tmut/Erth      #.......     100%        4    #####..
 Summon Ice Beast         Ice/Summ       #.......     100%        4    #####..
 Summon Lightning Spire   Summ/Air       #.......     100%        4    #####..
 Metabolic Englaciation   Hex/Ice        #.........   100%        5    ######.
 Yara's Violent Unravell  Hex/Tmut       #.........   100%        5    ######.


Dungeon Overview and Level Annotations

Branches:
Dungeon (9/15)             Temple (1/1) D:7
   Lair: D:8-11         Orc: D:9-12

Altars:
Ashenzari
Cheibriados
Dithmenos
Elyvilon
Fedhas
Gozag
Hepliaklqana
Kikubaaqudgha
Makhleb
Nemelex Xobeh
Okawaru
Qazlal
Ru
Sif Muna
Trog
Uskayaw
Vehumet
Wu Jian
Xom
Yredelemnul
Zin
The Shining One

Shops:
D:6 (   D:7 *


Innate Abilities, Weirdness & Mutations

You cannot be hasted, slowed, berserked, paralysed or teleported.
You can dig through walls and to a lower floor.
Your four strong arms can wield two-handed weapons with a shield.
You have a pair of large antennae on your head. (SInv)


Message History

The orc priest looks encouraged for a moment.
You block the orc warrior's attack.
You feel much better. You block the orc warrior's attack.
The orc warrior hits you with a +0 morningstar!
You block the orc priest's attack.
The orc warrior hits you with a +0 glaive!
* * * LOW HITPOINT WARNING * * *
You closely miss the orc warrior.
The orc warrior is severely wounded.
You hit the orc warrior but do no damage.
Your shield and plate armour prevent you from hitting the orc priest.
The orc warrior hits you but does no damage.
The orc warrior hits you with a +0 morningstar!
* * * LOW HITPOINT WARNING * * *
The orc priest hits you but does no damage.
The orc warrior closely misses you.
You closely miss the orc priest. You closely miss the orc warrior. x2
The orc warrior hits you but does no damage.
The orc warrior hits you with a +0 morningstar.
You die... #. #.# #.### #.#.. #.#.# # #.#.# ... #######.#(###..# {{{{

.......oooo)...#
#######@####....o.
#.....)o# .{.%.
#.####### .#8. #.#
# # #.# #.#
#>###### #......#
######.#


You could see 3 orc warriors, an orc priest and an orc wizard.

Vanquished Creatures
  2 two-headed ogres
  A manticore (D:9)
  A hippogriff (D:3)
  A wyvern (D:8)
  A hornet zombie (D:7)
  4 ice beasts
  2 orc warriors
  3 sky beasts
  3 phantoms
  3 ogres
  4 centaurs
  A crocodile (D:9)
  A big kobold (D:9)
  4 bullfrogs
  2 scorpions (D:7)
  7 howler monkeys
  5 crimson imps
  A centaur zombie (D:9)
  2 jellies
  3 hounds
  6 orc priests
  Natasha (thrice) (D:3)
  An iguana (D:9)
  11 orc wizards
  9 worker ants
  10 adders
  3 shadow imps
  3 adder skeletons
  An adder zombie (D:7)
  5 worms
  2 dart slugs (D:1)
  7 leopard geckos
  26 orcs
  A ball python (D:2)
  A giant cockroach (D:1)
  15 goblins
  3 hobgoblins
  6 jackals
  12 kobolds
  A quokka (D:3)
  11 bats
  3 frilled lizards (D:3)
  A jackal zombie (D:6)
  A quokka skeleton (D:6)
  7 rats
200 creatures vanquished.

Notes
Turn   | Place    | Note
-------+----------+-------------------------------------------
     0 | D:1      | Majang the Formicid Fighter began the quest for the Orb.
     0 | D:1      | Reached XP level 1. HP: 18/18 MP: 1/1
   252 | D:1      | Reached XP level 2. HP: 24/24 MP: 2/2
   746 | D:1      | Reached skill level 3 in Axes
   746 | D:1      | Reached XP level 3. HP: 30/30 MP: 3/3
  1397 | D:2      | Reached XP level 4. HP: 25/37 MP: 4/4
  2359 | D:3      | Reached skill level 4 in Axes
  2412 | D:3      | Noticed Natasha
  2422 | D:3      | Killed Natasha
  2422 | D:3      | Reached XP level 5. HP: 28/43 MP: 5/5
  2562 | D:3      | Noticed a hippogriff
  2570 | D:3      | Killed a hippogriff
  2570 | D:3      | Reached skill level 5 in Fighting
  2570 | D:3      | Reached skill level 5 in Axes
  2570 | D:3      | Reached XP level 6. HP: 29/51 MP: 6/6
  3049 | D:3      | Noticed Natasha
  3058 | D:3      | Killed Natasha
  3297 | D:3      | Noticed Natasha
  3310 | D:3      | Killed Natasha
  3310 | D:3      | Reached XP level 7. HP: 51/56 MP: 7/7
  3710 | D:4      | Reached skill level 1 in Dodging
  4100 | D:4      | Reached skill level 6 in Axes
  4287 | D:5      | Entered Level 5 of the Dungeon
  4499 | D:5      | Found a glowing golden altar of the Shining One.
  4518 | D:5      | Reached XP level 8. HP: 61/63 MP: 8/8
  5295 | D:6      | Reached skill level 5 in Shields
  5362 | D:6      | Reached skill level 7 in Axes
  5431 | D:6      | Reached XP level 9. HP: 70/70 MP: 9/9
  5509 | D:6      | Reached skill level 5 in Armour
  5723 | D:6      | Found Kuchaeca's Weapon Boutique.
  6015 | D:6      | Found a shimmering blue altar of Sif Muna.
  6161 | D:7      | Found Jeah's General Store.
  6165 | D:7      | Bought a potion of heal wounds for 65 gold pieces
  6290 | D:7      | Reached skill level 8 in Axes
  6437 | D:7      | Found a staircase to the Ecumenical Temple.
  6451 | Temple   | Entered the Ecumenical Temple
  6460 | Temple   | Became a worshipper of Makhleb the Destroyer
  6743 | D:7      | Reached skill level 1 in Invocations
  7058 | D:7      | Reached XP level 10. HP: 79/79 MP: 11/11
  7517 | D:8      | Found a stormy altar of Qazlal.
  7527 | D:8      | Found a shimmering blue altar of Sif Muna.
  7742 | D:8      | Reached * piety under Makhleb
  7811 | D:6      | Bought a +0 battleaxe of chopping for 175 gold pieces
  7870 | D:9      | Noticed a two-headed ogre
  7879 | D:9      | Killed a two-headed ogre
  7879 | D:9      | Reached skill level 9 in Axes
  8181 | D:9      | Noticed a manticore
  8189 | D:9      | Killed a manticore
  8592 | D:8      | Noticed a two-headed ogre
  8606 | D:8      | Killed a two-headed ogre
  8606 | D:8      | Reached XP level 11. HP: 63/86 MP: 12/14
  8826 | D:8      | Found a shattered altar of Ashenzari.
  8826 | D:8      | Found an ornate altar of the Wu Jian Council.
  9142 | D:9      | HP: 3/86 [orc warrior/+0 morningstar (17)]
  9143 | D:9      | Slain by an orc warrior

Levels and vault maps discovered:
D:1:      kennysheep_arrival_forest, layout_basic, grunt_decor_mini_mirrors
D:2:      layout_loops_cross
D:3:      layout_rooms, hangedman_decor_diamond_cutter, uniq_natasha
D:4:      layout_layer_cave
D:5:      layout_cave_pods, first_ration, corexii_corridor_pit, tso_metal_star
D:6:      layout_loops_cross, serial_shops, nicolae_shop_crystal,
          lemuel_blue_sif_altar
D:7:      cheibrodos_fzero, layout_basic, minmay_temple_entry_statues_fountains,
          serial_shops, shop
D:8:      layout_loops_ring, gammafunk_temple_overflow_statue,
          amethyst_overflow_temple_binary
D:9:      layout_loops_ring, minmay_orc_entry_temple_small, serial_shops, shop,
          kennysheep_generic_room_6
Temple:   compressed_dpeg_circular_temple

Skill      XL: |  1  2  3  4  5  6  7  8  9 10 |
---------------+-------------------------------+-----
Axes           | 3 4 5 6 7 8 9 |  9.8
Fighting       | 4 5 6 7 8 |  8.2
Dodging        | 1 2 3 4 |  4.9
Shields        | 4 5 6 7 |  7.8
Armour         | 4 6 7 |  7.2
Invocations    | 1 4 |  4.5

Action                   |  1- 3 |  4- 6 |  7- 9 | 10-12 || total
-------------------------+-------+-------+-------+-------++-------
Melee: War axe           |   115 |   161 |    14 |       ||   290
       Broad axe         |       |       |   330 |    51 ||   381
       Battleaxe         |       |       |       |   144 ||   144
Throw: Stone             |       |     4 |    33 |    13 ||    50
       Dart              |       |       |       |     8 ||     8
Evoke: Wand              |       |       |     3 |       ||     3
  Use: Scroll            |       |     5 |     4 |     1 ||    10
       Potion            |       |     1 |     3 |     1 ||     5
 Stab: Distracted        |       |       |     1 |       ||     1
  Eat: Chunk             |     1 |     7 |    13 |     6 ||    27
Armor: Scale mail        |    16 |       |       |       ||    16
       Plate armour      |    47 |    91 |   158 |    69 ||   365
Dodge: Dodged            |    40 |    55 |    82 |    84 ||   261
       Deflected         |       |       |     2 |     6 ||     8
Block: Shield            |    51 |    93 |   158 |   119 ||   421

Table legend:
 A = Non-vault XP
 B = Vault XP
 C = Vault XP percentage of total XP
 D = Non-vault monster count
 E = Vault monster count
 F = Vault count percentage of total count
                 A         B        C        D         E       F
            +---------+---------+-------+---------+---------+-------
      Total |    7694 |     709 |   8.4 |     186 |      14 |   7.0
            +---------+---------+-------+---------+---------+-------
        D:1 |      42 |       0 |   0.0 |      22 |       0 |   0.0
        D:2 |      72 |       0 |   0.0 |      24 |       0 |   0.0
        D:3 |     375 |      36 |   8.8 |      27 |       1 |   3.6
        D:4 |     279 |       0 |   0.0 |      10 |       0 |   0.0
        D:5 |     658 |       0 |   0.0 |      13 |       0 |   0.0
        D:6 |     875 |       0 |   0.0 |      26 |       0 |   0.0
        D:7 |    1229 |     670 |  35.3 |      22 |      12 |  35.3
        D:8 |    1767 |       0 |   0.0 |      12 |       0 |   0.0
        D:9 |    2397 |       3 |   0.1 |      30 |       1 |   3.2
            +---------+---------+-------+---------+---------+-------
